 Dungeon Crawl Stone Soup version 0.32-a0-841-g4648e6c (webtiles) character file.

Game seed: 12488195110187460663

45074 sol12 the Spry (level 14, -19/112 HPs)
             Began as a Djinni Conjurer on Mar 26, 2024.
             Was a High Priest of Makhleb.
             Killed from afar by an ice dragon (55 damage)
             ... with a blast of cold
             ... on level 5 of the Lair of Beasts.
             The game lasted 01:01:01 (12224 turns).

sol12 the Spry (Djinni Conjurer)                   Turns: 12224, Time: 01:01:04

Health: -19/112    AC: 12    Str:  6    XL:     14   Next: 69%
Gold:   842        EV: 13    Int: 24    God:    Makhleb [*****.] SH:  0 Dex: 13

rFire   + + .        (no weapon)
rCold   x . .        (no shield)
rNeg    . . .        N - +4 ring mail
rPois   ∞            e - +0 helmet
rElec   .            i - +0 cloak
rCorr   .            Q - +0 pair of gloves
SInv    .            (boots unavailable)
Will    +....        x - amulet of regeneration
Stlth   +            (no ring)
HPRegen 1.18/turn    (no ring)
MPRegen 0.00/turn

%: infuse magic (-20 HP)
@: flying
A: sickness immunity, fire resistance 2, cold vulnerability 1, float, innate
caster, HP casting, extra vitality 1
a: Renounce Religion, Minor Destruction, Lesser Servant of Makhleb, Major
Destruction, Greater Servant of Makhleb


You were on level 5 of the Lair of Beasts.
You worshipped Makhleb.
Makhleb was extremely pleased with you.
You visited 3 branches of the dungeon, and saw 14 of its levels.
You also visited: Sewer.

You collected 842 gold pieces.

Inventory:

Hand Weapons
 J - a +1 dagger of venom
Missiles
 s - 2 curare-tipped darts
Armour
 a - a +0 robe
 e - a +0 helmet (worn)
 i - a +0 cloak (worn)
 F - a +1 leather armour of fire resistance
 N - a +4 ring mail (worn)
 Q - a +0 pair of gloves (worn)
Jewellery
 w - a ring of fire
 x - an amulet of regeneration (around neck)
Talismans
 p - a granite talisman
 B - a maw talisman
Wands
 v - a wand of paralysis (16)
 z - a wand of warping (22)
 A - a wand of flame (6)
 K - a wand of quicksilver (11)
Scrolls
 c - 4 scrolls of revelation {unknown}
 j - 6 scrolls of teleportation {unknown}
 k - 2 scrolls of fear {unknown}
 l - 2 scrolls of poison {unknown}
 m - 6 scrolls of blinking {unknown}
 n - 2 scrolls of amnesia {unknown}
 o - a scroll of noise {unknown}
 q - 3 scrolls of immolation {unknown}
 r - a scroll of vulnerability {unknown}
 u - a scroll of enchant weapon {unknown}
 y - a scroll of brand weapon {unknown}
 C - 8 scrolls of identify {unknown}
 G - 2 scrolls of butterflies {unknown}
 I - 2 scrolls of enchant armour {unknown}
 R - a scroll of torment {unknown}
Potions
 b - 3 potions of brilliance {unknown}
 d - a potion of attraction {unknown}
 f - 7 potions of curing {unknown}
 g - 2 potions of ambrosia {unknown}
 h - 2 potions of might {unknown}
 t - 2 potions of invisibility {unknown}
 D - 4 potions of heal wounds {unknown}
 E - a potion of haste {unknown}
 H - 4 potions of enlightenment {unknown}
 L - a potion of resistance {unknown}
 M - a potion of lignification {unknown}
 O - 2 potions of magic {unknown}
 P - 2 potions of berserk rage {unknown}


   Skills:
 + Level 14.1 Fighting
 + Level 16.6 Dodging
 - Level 1.5 Stealth
 + Level 13.1 Spellcasting
 + Level 13.1 Conjurations
 + Level 13.1 Hexes
 + Level 13.1 Summonings
 + Level 13.1 Necromancy
 + Level 13.1 Translocations
 + Level 13.1 Fire Magic
 + Level 13.1 Ice Magic
 + Level 13.1 Air Magic
 + Level 13.1 Earth Magic
 + Level 13.1 Alchemy
 * Level 1.8 Invocations


You knew the following spells:

 Your Spells              Type           Power      Damage    Failure   Level
a - Magic Dart            Conj           100%       1d8       1%          1
b - Searing Ray           Conj           100%       2d8       1%          2
c - Fulminant Prism       Conj/Alch      34%        3d15      1%          4
d - Iskenderun's Mystic   Conj/Tloc      68%        2d14      1%          4
e - Sandblast             Erth           100%       2d20      1%          1
f - Mercury Vapours       Alch/Air       100%       N/A       1%          2
g - Dazzling Flash        Conj/Hex       100%       N/A       1%          3
h - Martyr's Knell        Necr/Summ      68%        N/A       1%          4
i - Anguish               Hex/Necr       34%        N/A       1%          4
j - Alistair's Intoxicat  Alch           45%        N/A       1%          5
Your spell library was empty.

Dungeon Overview and Level Annotations

Branches:
Dungeon (8/15)             Temple (1/1) D:7            Lair (5/5) D:8
  Swamp (0/4) Lair:2        Snake (0/4) Lair:3        Slime (0/5) Lair:5
  Sewer (visited)

Altars:
Ashenzari
Cheibriados
Dithmenos
Elyvilon
Fedhas
Gozag
Hepliaklqana
Makhleb
Nemelex Xobeh
Okawaru
Qazlal
Ru
Trog
Uskayaw
Wu Jian
Xom
Yredelemnul
Zin
The Shining One
Jiyva

Annotations:
Temple 2 transporters


Innate Abilities, Weirdness & Mutations

You are immune to sickness and miasma.
You are immune to poison.
Your flesh is very heat resistant. (rF++)
You are vulnerable to cold. (rC-)
You float through the air rather than walking.
You learn spells naturally, not from books.
Your magical power is your life essence.
You have superior vitality. (+4 MHP)


Message History

Casting: Fulminant Prism (mildly dangerous; 1% risk of failure)
Confirm with . or Enter, or press ? or * to list all spells.
Aiming: Fulminant Prism (mildly dangerous; 1% risk of failure)
Press: ? - help, Dir - move target You conjure a prism of explosive energy!
A fulminant prism comes into view.
Your fulminant prism crackles loudly.
Casting: Fulminant Prism (mildly dangerous; 1% risk of failure)
Confirm with . or Enter, or press ? or * to list all spells.
Aiming: Sandblast (safe; 1% risk of failure)
Press: ? - help, Shift-Dir - straight line, f - ice dragon
Aim: an ice dragon (heavily wounded, catching its breath, ally target, 89% to hit)
The blast of sand hits the ice dragon.
The ice dragon is heavily wounded.
Your fulminant prism explodes!
The blast of energy engulfs the ice dragon!!
The ice dragon is severely wounded.
You hear an angry hiss.
Casting: Sandblast (safe; 1% risk of failure)
Confirm with . or Enter, or press ? or * to list all spells.
You erupt in a blast of force!
The mystic blast hits the ice dragon!
The ice dragon is almost dead.
The ice dragon is knocked back by the mystic blast.
Casting: Iskenderun's Mystic Blast (mildly dangerous; 1% risk of failure)
Confirm with . or Enter, or press ? or * to list all spells.
You erupt in a blast of force!
The mystic blast hits the ice dragon.
The ice dragon is almost dead.
The ice dragon is knocked back by the mystic blast.
Casting: Iskenderun's Mystic Blast (mildly dangerous; 1% risk of failure)
Confirm with . or Enter, or press ? or * to list all spells.
You can't see any susceptible monsters within range! (Use Z to cast anyway.)
Casting: Iskenderun's Mystic Blast (mildly dangerous; 1% risk of failure)
Confirm with . or Enter, or press ? or * to list all spells.
Aiming: Fulminant Prism (mildly dangerous; 1% risk of failure)
Press: ? - help, Dir - move target, p - ice dragon You conjure a prism of explosive energy!
A fulminant prism comes into view.
The ice dragon breathes frost at you. The blast of cold hits you!!!
You feel a terrible chill!
You die...

♣♣♣♣♣♣
♣♣...~♣♣♣
♣..~≈~..♣
♣.~≈≈≈~.♣♣
♣..~~♣♣....♣♣♣
♣..≈ ♣♣~*...♣♣
######## .~≈
♣♣D○.@.♣♣
##.#.##P. ~D
♣♣~~...♣
#.......P ♣
♣♣≈~..♣♣
#........
♣.♣.♣.♣♣
#........
♣♣......♣
#........
♣♣..~†...♣
#[.......
♣♣.≈≈≈.♣♣.♣♣
#...÷....
♣.~≈♣♣~~♣..♣
#÷.......
♣♣~≈..♣♣~.♣♣♣
#........


You could see an ice dragon (catching breath, ally target) and a friendly
fulminant prism.

Vanquished Creatures
  A catoblepas (Lair:1)
  4 hydras
  Erica (D:8)
  6 death yaks (Lair:3)
  2 skysharks (Lair:4)
  Pikel (D:4)
  A salamander (Lair:3)
  A wolf spider (Lair:5)
  A guardian serpent (Lair:5)
  9 elephants (Lair:3)
  17 black mambas
  9 cane toads
  6 komodo dragons
  11 rime drakes
  The ghost of december12 the Trooper, an amateur BaAr (D:5)
  2 hornets (Lair:5)
  3 polar bears
  5 dream sheep (Lair:4)
  A slime creature (Lair:5)
  A shadow (D:8)
  43 yaks
  15 wyverns
  A steam dragon (Lair:3)
  2 basilisks (Lair:5)
  3 redbacks (Lair:5)
  Menkaure (D:4)
  3 vampire mosquitoes (Lair:2)
  22 water moccasins
  4 acid dragons (Lair:5)
  A swamp drake (Lair:5)
  2 ice beasts
  An orc warrior (D:8)
  A sky beast (D:7)
  2 black bears
  2 ogres (D:6)
  6 centaurs
  17 wolves
  4 lemures (D:4)
  7 kobold brigands
  Blork the orc (D:5)
  5 scorpions
  9 bullfrogs
  2 bombardier beetles
  3 lava snakes (Lair:3)
  3 jellies
  6 hounds
  5 orc priests
  A sleepcap (D:5)
  Ijyb (D:5)
  10 iguanas
  8 orc wizards
  3 gnolls (D:4)
  A river rat (D:8)
  8 adders
  2 white imps (D:7)
  A dart slug (D:4)
  4 ribbon worms
  19 orcs
  11 ball pythons
  4 endoplasms
  5 giant cockroaches
  7 goblins
  5 hobgoblins
  3 jackals (D:4)
  15 kobolds
  A quokka (D:2)
  3 bats
  2 frilled lizards (D:4)
  13 rats
  A butterfly (Lair:2)
  2 fulminant prisms
384 creatures vanquished.

Vanquished Creatures (others)
  2 kobolds (D:5)
  302 fulminant prisms
304 creatures vanquished.

Grand Total: 688 creatures vanquished

Notes
Turn   | Place    | Note
-------+----------+-------------------------------------------
     0 | D:1      | sol12 the Djinni Conjurer began the quest for the Orb.
     0 | D:1      | sol12 set off with the following spells memorised: Magic
                  | Dart, Searing Ray, Fulminant Prism, Iskenderun's Mystic
                  | Blast.
     0 | D:1      | Reached XP level 1. HP: 15/15 MP: 0/0
   195 | D:1      | Found a faded altar of an unknown god.
   288 | D:1      | Reached XP level 2. HP: 17/21 MP: 0/0
   869 | D:2      | Reached XP level 3. HP: 22/25 MP: 0/0
   869 | D:2      | Learned a level 1 spell: Sandblast
  1977 | D:3      | Found a blossoming altar of Fedhas.
  1977 | D:3      | Found a stormy altar of Qazlal.
  1977 | D:3      | Found a broken altar of Ashenzari.
  2023 | D:4      | Reached XP level 4. HP: 10/31 MP: 0/0
  2142 | D:3      | Reached skill level 5 in Spellcasting
  2142 | D:3      | Reached skill level 5 in Conjurations
  2142 | D:3      | Reached skill level 5 in Hexes
  2142 | D:3      | Reached skill level 5 in Summonings
  2142 | D:3      | Reached skill level 5 in Necromancy
  2142 | D:3      | Reached skill level 5 in Translocations
  2142 | D:3      | Reached skill level 5 in Fire Magic
  2142 | D:3      | Reached skill level 5 in Ice Magic
  2142 | D:3      | Reached skill level 5 in Air Magic
  2142 | D:3      | Reached skill level 5 in Earth Magic
  2142 | D:3      | Reached skill level 5 in Alchemy
  2142 | D:3      | Reached XP level 5. HP: 22/35 MP: 0/0
  2142 | D:3      | Learned a level 2 spell: Mercury Vapours
  2218 | D:4      | Noticed Pikel
  2218 | D:4      | Noticed a lemure
  2218 | D:4      | Noticed a lemure
  2219 | D:4      | Noticed a lemure
  2357 | D:4      | Reached XP level 6. HP: 35/40 MP: 0/0
  2469 | D:4      | Noticed a black bear
  2492 | D:4      | Found a glowing drain.
  2496 | Sewer    | Entered a sewer
  2830 | Sewer    | Reached XP level 7. HP: 35/45 MP: 0/0
  2830 | Sewer    | Learned a level 3 spell: Dazzling Flash
  3375 | D:4      | Reached XP level 8. HP: 42/50 MP: 0/0
  3812 | D:4      | Killed Pikel
  3857 | D:4      | Noticed Menkaure
  3861 | D:4      | Killed Menkaure
  3862 | D:4      | Reached XP level 9. HP: 42/55 MP: 0/0
  3862 | D:4      | Learned a level 4 spell: Martyr's Knell
  4061 | D:4      | Found a glowing silver altar of Zin.
  4213 | D:5      | Entered Level 5 of the Dungeon
  4213 | D:5      | Noticed Blork the orc
  4219 | D:5      | Killed Blork the orc
  4256 | D:5      | Found a runed translucent gate.
  4257 | D:5      | Found a runed translucent gate.
  4257 | D:5      | Noticed december12's ghost (amateur BaAr)
  4258 | D:5      | Found a runed translucent gate.
  4335 | D:5      | Killed december12's ghost
  4336 | D:5      | Reached skill level 10 in Spellcasting
  4336 | D:5      | Reached skill level 10 in Conjurations
  4336 | D:5      | Reached skill level 10 in Hexes
  4336 | D:5      | Reached skill level 10 in Summonings
  4336 | D:5      | Reached skill level 10 in Necromancy
  4336 | D:5      | Reached skill level 10 in Translocations
  4336 | D:5      | Reached skill level 10 in Fire Magic
  4336 | D:5      | Reached skill level 10 in Ice Magic
  4336 | D:5      | Reached skill level 10 in Air Magic
  4336 | D:5      | Reached skill level 10 in Earth Magic
  4336 | D:5      | Reached skill level 10 in Alchemy
  4409 | D:5      | Noticed Ijyb
  4412 | D:5      | Killed Ijyb
  4808 | D:5      | Reached skill level 1 in Fighting
  5122 | D:6      | Reached XP level 10. HP: 57/67 MP: 0/0
  5511 | D:6      | Reached skill level 5 in Fighting
  5875 | D:7      | Found a staircase to the Ecumenical Temple.
  5949 | Temple   | Found a transporter.
  5949 | Temple   | Found a transporter.
  5949 | Temple   | Found a transporter.
  5949 | Temple   | Found a transporter.
  5949 | Temple   | Entered the Ecumenical Temple
  5967 | Temple   | Became a worshipper of Makhleb the Destroyer
  6395 | D:7      | Found a shimmering altar of Xom.
  6396 | D:7      | Found a hazy altar of Hepliaklqana.
  6397 | D:7      | Noticed a spectral ugly thing
  6553 | D:8      | Noticed Erica
  6559 | D:8      | Killed Erica
  6889 | D:8      | Found a staircase to the Lair.
  6923 | D:8      | Reached XP level 11. HP: 16/82 MP: 0/0
  6923 | D:8      | Learned a level 4 spell: Anguish
  6937 | D:8      | Reached * piety under Makhleb
  7413 | Lair:1   | Entered Level 1 of the Lair of Beasts
  7432 | Lair:1   | Reached skill level 10 in Fighting
  7839 | Lair:1   | Noticed a catoblepas
  7851 | Lair:1   | Killed a catoblepas
  8194 | Lair:2   | Noticed a six-headed hydra
  8271 | Lair:2   | Reached XP level 12. HP: 92/95 MP: 0/0
  8328 | Lair:2   | Killed a six-headed hydra
  8434 | Lair:2   | Reached ** piety under Makhleb
  8911 | Lair:2   | Found a staircase to the Swamp.
  9153 | Lair:3   | Reached skill level 3 in Dodging
  9264 | Lair:3   | Found a shimmering altar of Xom.
  9293 | Lair:3   | Noticed a death yak
  9293 | Lair:3   | Noticed a death yak
  9293 | Lair:3   | Noticed a death yak
  9293 | Lair:3   | Noticed a death yak
  9303 | Lair:3   | Noticed a death yak
  9311 | Lair:3   | Killed a death yak
  9312 | Lair:3   | Reached skill level 5 in Dodging
  9314 | Lair:3   | Noticed a death yak
  9319 | Lair:3   | Killed a death yak
  9320 | Lair:3   | Reached skill level 6 in Dodging
  9320 | Lair:3   | Reached XP level 13. HP: 100/104 MP: 0/0
  9320 | Lair:3   | Learned a level 5 spell: Alistair's Intoxication
  9329 | Lair:3   | Reached skill level 7 in Dodging
  9333 | Lair:3   | Reached skill level 9 in Dodging
  9460 | Lair:3   | Reached skill level 10 in Dodging
  9462 | Lair:3   | Found a staircase to the Snake Pit.
  9647 | Lair:3   | Reached skill level 11 in Dodging
  9992 | Lair:4   | Reached *** piety under Makhleb
 10025 | Lair:4   | Reached skill level 12 in Dodging
 10248 | Lair:4   | Reached skill level 13 in Dodging
 10483 | Lair:4   | Noticed a seven-headed hydra
 10489 | Lair:4   | Killed a seven-headed hydra
 10506 | Lair:4   | Reached skill level 14 in Dodging
 10904 | Lair:5   | Entered Level 5 of the Lair of Beasts
 10948 | Lair:5   | Reached **** piety under Makhleb
 10956 | Lair:5   | Reached XP level 14. HP: 94/111 MP: 0/0
 11031 | Lair:5   | Reached skill level 15 in Dodging
 11284 | Lair:5   | Reached skill level 16 in Dodging
 11421 | Lair:5   | Reached ***** piety under Makhleb
 11489 | Lair:5   | Found a staircase to the Slime Pits.
 11489 | Lair:5   | Found a viscous altar of Jiyva.
 12092 | Lair:5   | Reached skill level 1 in Invocations
 12224 | Lair:5   | Killed from afar by an ice dragon

Illustrated notes

Levels and vault maps discovered:
D:1:      minmay_arrival_split_and_join, layout_loops_ring,
          hellmonk_ecumenical_altar_run_dry, minmay_hexomino_c4
D:2:      layout_loops_ring, serial_glass, glass_columns_a, glass_columns_b,
          nicolae_elevator_lobby_asterisk
D:3:      layout_loops_ring, minitemple, hangedman_decor_points
D:4:      layout_rooms, lemuel_crystal_altar,
          mainiacjoe_sewer_entry_somewhere_in_here_2, uniq_menkaure, uniq_pikel
D:5:      layout_gridville, gammafunk_ghost_nasty_kobolds, uniq_ijyb,
          uniq_blork_the_orc
D:6:      layout_loops_ring, kennysheep_small_spiral, minivault_25
D:7:      layout_loops_ring, regret_index_temple_of_mockery,
          minmay_temple_entry_statues
D:8:      layout_basic, dpeg_lair_monsters, small_statue_alley_b, uniq_erica,
          uniq_grum
Temple:   hellmonk_temple_divided_pantheon
Lair:1:   layout_hall_layers, serial_bayou_crossing
Lair:2:   layout_long_grid, minmay_swamp_entry_swarm, grunt_megastairs_2,
          lemuel_fruit_fields
Lair:3:   layout_misc_corridors, nicolae_snake_entry_warm_welcome, basic_altar
Lair:4:   layout_hall_layers, serial_bayou_shore_b, grunt_megastairs_3,
          lemuel_fruit_tree
Lair:5:   guppyfry_lair_end_dragon, layout_regular_city,
          hangedman_lair_tendril_chambers, minmay_slime_entry_pillars

Skill      XL: |  1  2  3  4  5  6  7  8  9 10 11 12 13 14 |
---------------+-------------------------------------------+-----
Spellcasting   | 4 5 6 7 9 10 11 12 13 | 13.1
Conjurations   | 4 5 6 7 9 10 11 12 13 | 13.1
Hexes          | 4 5 6 7 9 10 11 12 13 | 13.1
Summonings     | 4 5 6 7 9 10 11 12 13 | 13.1
Necromancy     | 4 5 6 7 9 10 11 12 13 | 13.1
Translocations | 4 5 6 7 9 10 11 12 13 | 13.1
Fire Magic     | 4 5 6 7 9 10 11 12 13 | 13.1
Ice Magic      | 4 5 6 7 9 10 11 12 13 | 13.1
Air Magic      | 4 5 6 7 9 10 11 12 13 | 13.1
Earth Magic    | 4 5 6 7 9 10 11 12 13 | 13.1
Alchemy        | 4 5 6 7 9 10 11 12 13 | 13.1
Fighting       | 3 8 11 13 14 | 14.1
Dodging        | 6 14 16 | 16.6
Invocations    | 1 |  1.8
Stealth        | |  1.5

Action                     |  1- 3 |  4- 6 |  7- 9 | 10-12 | 13-15 || total
---------------------------+-------+-------+-------+-------+-------++-------
  Melee: Unarmed           |       |       |       |     1 |       ||     1
   Cast: Magic Dart        |    64 |    35 |    93 |    51 |     2 ||   245
         Searing Ray       |     1 |    11 |    14 |    27 |    16 ||    69
         Mercury Vapours   |       |     2 |       |     6 |     3 ||    11
         Fulminant Prism   |       |     5 |    25 |   115 |   160 ||   305
         Iskenderun's Myst |       |     1 |     8 |    31 |    65 ||   105
         Dazzling Flash    |       |       |     3 |     1 |       ||     4
         Martyr's Knell    |       |       |     2 |       |       ||     2
         Anguish           |       |       |       |     2 |       ||     2
         Sandblast         |       |       |       |       |     7 ||     7
 Armour: Robe              |     3 |    18 |    25 |     9 |       ||    55
         Leather armour    |       |       |       |    30 |       ||    30
         Ring mail         |       |       |       |    31 |    76 ||   107
  Dodge: Dodged            |     8 |     8 |    19 |    38 |    42 ||   115

Table legend: (Time is in decaauts)
 A = Elapsed time spent in this place.
 B = Non-inter-level travel time spent in this place.
 C = Inter-level travel time spent in this place.
 D = Time resting spent in this place.
 E = Time spent auto-exploring this place.
 F = Levels seen in this place.
 G = Mean time per level.
                   A        B        C        D        E       F      G
               +--------+--------+--------+--------+--------+-----+--------+
         Total |  12231 |  11727 |    504 |    714 |   8876 |  15 |  815.4 |
       Dungeon |   6513 |   6110 |    403 |    476 |   4749 |   8 |  814.1 |
        Temple |     36 |      5 |     31 |      0 |      0 |   1 |   36.0 |
          Lair |   4816 |   4746 |     70 |    152 |   3482 |   5 |  963.2 |
         Sewer |    864 |    864 |      0 |     86 |    645 |   1 |  864.0 |
               +--------+--------+--------+--------+--------+-----+--------+

Top non-repeatable levels by time:
  Lair:5: 1321 daAuts
     D:3: 1111 daAuts
  Lair:3: 962 daAuts
  Lair:4: 951 daAuts
     D:8: 872 daAuts
   Sewer: 864 daAuts
     D:1: 840 daAuts
     D:6: 830 daAuts
  Lair:1: 797 daAuts
     D:5: 796 daAuts
     D:4: 796 daAuts
  Lair:2: 783 daAuts
     D:7: 662 daAuts
     D:2: 603 daAuts
  Temple: 36 daAuts
